 Dungeon Crawl Stone Soup version 0.23-a0-636-g0ff6057 (console) character file.

299 Duffy the Firebug (level 6, -1/41 HPs)
             Began as a Demonspawn Fire Elementalist on Dec 28, 2018.
             Succumbed to an orc wizard's poison
             ... on level 5 of the Dungeon.
             The game lasted 00:02:12 (2012 turns).

Duffy the Firebug (Demonspawn Fire Elementalist)    Turns: 2012, Time: 00:02:13

Health: -1/41      AC:  3    Str:  8    XL:     6   Next: 13%
Magic:  2/11       EV: 12    Int: 18    God:
Gold:   111        SH:  0    Dex: 14    Spells: 4/12 levels left

rFire    + . .     SeeInvis .   d - +0 dagger
rCold    . . .     Gourm    .   (no shield)
rNeg     . . .     Faith    .   a - +0 robe
rPois    .         Spirit   .   (no helmet)
rElec    .         Reflect  .   (no cloak)
rCorr    .         Harm     .   (no gloves)
MR       .....                  g - +0 pair of boots
Stlth    ++........             (no amulet)
HPRegen  0.13/turn              (no ring)
MPRegen  0.12/turn              (no ring)

@: lethally poisoned (-1 -> -37)
A: hooves 2, fire resistance 1
a: no special abilities


You were on level 5 of the Dungeon.
You were not hungry.

You visited 1 branch of the dungeon, and saw 5 of its levels.

You collected 111 gold pieces.

Inventory:

Hand Weapons
 d - a +0 dagger (weapon)
Armour
 a - a +0 robe (worn)
 g - a +0 pair of boots (worn)
Scrolls
 b - 4 scrolls of identify {unknown}
 e - a scroll of enchant armour {unknown}
 f - a scroll of amnesia {unknown}
Comestibles
 c - 2 rations
 i - 4 chunks of flesh


   Skills:
 - Level 1.7 Dodging
 - Level 1.7 Stealth
 + Level 3.9 Spellcasting
 - Level 3.2 Conjurations
 + Level 4.3 Fire Magic


You had 4 spell levels left.
You knew the following spells:

 Your Spells              Type           Power        Failure   Level  Hunger
h - Flame Tongue          Conj/Fire      ###..        3%          1    None
j - Sticky Flame          Conj/Fire      ###.....     30%         4    ####...
l - Conjure Flame         Conj/Fire      ###.....     10%         3    ###....

Your spell library contained the following spells:

 Spells                   Type           Power        Failure   Level  Hunger
 Magic Dart               Conj           ###.         3%          1    None
 Throw Flame              Conj/Fire      ###...       4%          2    ##.....
 Searing Ray              Conj           ###...       6%          2    ##.....
 Inner Flame              Hex/Fire       ##......     19%         3    ###....
 Dazzling Spray           Conj/Hex       #.....       22%         3    ###....
 Iskenderun's Mystic Bla  Conj           ###.....     36%         4    ####...
 Force Lance              Conj/Tloc      #.......     58%         4    ####...
 Fulminant Prism          Conj/Hex       #.........   58%         4    ####...
 Fireball                 Conj/Fire      ###.......   65%         5    ######.


Dungeon Overview and Level Annotations

Branches:
Dungeon (5/15)
 Temple: D:4-7

Altars:
Ru
Sif Muna

Annotations:
D:3 Terence


Innate Abilities, Weirdness & Mutations

You have hoof-like feet.
Your flesh is heat resistant. (rF+)


Message History

You feel sick. The orc wizard closely misses you.
The orc wizard hits you with a +0 dagger of venom.
* * * LOW HITPOINT WARNING * * *
You are more poisoned.
You closely miss the orc wizard.
The orc wizard is moderately wounded.
* * * LOW HITPOINT WARNING * * *
You feel very sick. The orc wizard closely misses you.
You closely miss the orc wizard.
The orc wizard is moderately wounded.
* * * LOW HITPOINT WARNING * * *
You feel sick.
The orc wizard hits you but does no damage.
You are more poisoned.
The orc wizard hits you with a +0 dagger of venom.
* * * LOW HITPOINT WARNING * * *
You hit the orc wizard but do no damage.
The orc wizard is moderately wounded.
You die...

#... #..# #..#
#..# ##).# #)..###
#o....# #o###.#
#@###.# #...#.###
### ### #........
#.. ... #...#.###
... ..# #).##.#
#.# #.# #..##.#
#.# #.# #.....#
#.# #.# #(##..#
#.# #.#
#.##..######.###.#


You could see an orc wizard and an orc.

Vanquished Creatures
  A centaur (D:5)
  A scorpion (D:4)
  A hound (D:3)
  2 orc wizards
  Jessica (D:3)
  An iguana (D:5)
  An adder (D:2)
  4 orcs
  A giant cockroach (D:3)
  2 goblins
  3 hobgoblins
  2 jackals (D:3)
  2 kobolds
  A quokka (D:2)
  2 ball pythons
  3 bats
  A quokka skeleton (D:4)
  3 rats (D:2)
  3 toadstools (D:1)
35 creatures vanquished.

Notes
Turn   | Place    | Note
-------+----------+-------------------------------------------
     0 | D:1      | Duffy the Demonspawn Fire Elementalist began the quest for
                  | the Orb.
     0 | D:1      | Reached XP level 1. HP: 13/13 MP: 3/3
    95 | D:2      | Gained mutation: You have large cloven feet. [demonic
                  | ancestry]
    95 | D:2      | Reached XP level 2. HP: 11/19 MP: 0/5
   397 | D:2      | Found a sacrificial altar of Ru.
   402 | D:2      | Gained mutation: You have hoof-like feet. [demonic
                  | ancestry]
   402 | D:2      | Reached XP level 3. HP: 18/24 MP: 0/6
   408 | D:2      | Learned a level 3 spell: Conjure Flame
   747 | D:3      | Found a deep blue altar of Sif Muna.
  1127 | D:3      | Noticed Terence
  1257 | D:3      | Noticed Jessica
  1260 | D:3      | Killed Jessica
  1260 | D:3      | Reached skill level 3 in Fire Magic
  1260 | D:3      | Reached XP level 4. HP: 30/30 MP: 4/7
  1558 | D:3      | Learned a level 4 spell: Sticky Flame
  1565 | D:4      | Gained mutation: Your flesh is heat resistant. (rF+)
                  | [demonic ancestry]
  1565 | D:4      | Reached XP level 5. HP: 19/35 MP: 2/9
  1776 | D:5      | Entered Level 5 of the Dungeon
  1868 | D:5      | Noticed a centaur
  1875 | D:5      | Killed a centaur
  1875 | D:5      | Reached skill level 4 in Fire Magic
  1875 | D:5      | Reached XP level 6. HP: 28/41 MP: 5/11
  2011 | D:5      | HP: 2/41 [poisoned by an orc wizard]
  2012 | D:5      | Succumbed to an orc wizard's poison

Vault maps used:
D:1:      ldierk_water_garden, solitary_fountain, ashenzari_altar_1
D:2:      nicolae_ru_great_annihilating_truth
D:3:      marbit_many_paths, nicolae_overflow_crystal_walls, first_ration,
          uniq_jessica, uniq_terence
D:5:      overflow_temple_1_default, minivault_4

Skill      XL: |  1  2  3  4  5 |
---------------+----------------+-----
Conjurations   | 2 3 |  3.2
Fire Magic     | 3 4 |  4.3
Spellcasting   | 3 |  3.9
Dodging        | |  1.7
Stealth        | |  1.7

Action                   |  1- 3 |  4- 6 || total
-------------------------+-------+-------++-------
Melee: Unarmed           |    14 |       ||    14
       Dagger            |    22 |    20 ||    42
       Kick              |     4 |     1 ||     5
 Cast: Flame Tongue      |    35 |    29 ||    64
       Sticky Flame      |       |     1 ||     1
  Use: Potion            |       |     2 ||     2
  Eat: Chunk             |     2 |     2 ||     4
Armor: Robe              |    11 |    10 ||    21
Dodge: Dodged            |    25 |    22 ||    47

Table legend:
 A = Non-vault XP
 B = Vault XP
 C = Vault XP percentage of total XP
 D = Non-vault monster count
 E = Vault monster count
 F = Vault count percentage of total count
                 A         B        C        D         E       F
            +---------+---------+-------+---------+---------+-------
      Total |     347 |      81 |  18.9 |      27 |       5 |  15.6
            +---------+---------+-------+---------+---------+-------
        D:1 |       1 |       0 |   0.0 |       1 |       0 |   0.0
        D:2 |      24 |      44 |  64.7 |       8 |       4 |  33.3
        D:3 |      63 |      37 |  37.0 |      11 |       1 |   8.3
        D:4 |      67 |       0 |   0.0 |       2 |       0 |   0.0
        D:5 |     192 |       0 |   0.0 |       5 |       0 |   0.0
            +---------+---------+-------+---------+---------+-------
